AoeStats
← LupusLobo

Arabia

510310585Analyzed
1v1 RM · 21h ago on Sep 30, 2026· 50m 14s· 2 players
Game mode
Random Map
Map size
Tiny (2 player)
Population
200
Speed
Normal
Resources
Standard
Victory
Conquest
Starting age
Dark Age
Ending age
Imperial Age
RankedLock teamsTeams togetherTeam positionsShared explorationLock speedFull tech treeHidden civsTurbo modeCheats
Victory
Defeat
🇲🇽 Varangians · Mexico
1427
+17
🇦🇷 Japanese · Argentina
1453
-17
Avila1997
8:29 Loom
10:40 Feudal Age
11:14 Man-at-Arms
14:44 Double-Bit Axe
21:14 Castle Age
19:13 Horse Collar
20:38 Scale Mail Armor
21:35 Forging
22:12 Bow Saw
22:32 Chain Mail Armor
33:57 Fletching
34:47 Scale Barding Armor
38:00 Chain Barding Armor
39:49 Wheelbarrow
44:18 Iron Casting
47:08 Imperial Age
45:31 Bloodlines
45:21 Husbandry
46:53 Hand Cart
46:17 Vendel Legacy
47:46 Squires
47:32 Gambesons
47:34 Elite Varangian Guard
48:22 Cavalier
51:02 Plate Mail Armor
LupusLobo
6:19 Loom
8:24 Feudal Age
9:38 Double-Bit Axe
14:48 Fletching
18:32 Town Watch
24:01 Castle Age
23:42 Padded Archer Armor
24:11 Crossbowman
24:47 Bodkin Arrow
27:10 Bow Saw
30:02 Leather Archer Armor
35:47 Town Patrol
36:48 Wheelbarrow
37:43 Bloodlines
39:46 Scale Barding Armor
42:15 Pikeman
42:55 Squires
47:59 Imperial Age
46:09 Forging
45:59 Scale Mail Armor
47:08 Scale Mail Armor
48:20 Chain Mail Armor
Connection lost

Rejoining the realm…

Still unreachable

The connection could not be restored.

Session expired

The server has moved on; the page needs a fresh start.